 Dungeon Sprint DCSS version 0.27.1-15-g792fb953b9 (webtiles) character file.

Game seed: 6061496448427307550

1 boopmooplesden the Skirmisher (level 1, -7/20 HPs)
             Began as a Minotaur Fighter on Nov 18, 2021.
             Killed by nerve-wracking pain
             ... invoked by Jessica
              (11 damage)
             ... in the Dungeon (Sprint III: "The Ten Rune Challenge").
             The game lasted 00:00:06 (23 turns).

boopmooplesden the Skirmisher (Minotaur Fighter)      Turns: 23, Time: 00:00:06

Health: -7/20      AC:  7    Str: 20    XL:     1   Next: 16%
Magic:  0/0        EV:  7    Int:  5    God:
Gold:   0          SH:  9    Dex:  9    Spells: 0/0 levels left

rFire    . . .     SeeInvis .   a - +0 long sword
rCold    . . .     Faith    .   c - +0 kite shield
rNeg     . . .     Spirit   .   b - +0 scale mail
rPois    .         Reflect  .   (helmet restricted)
rElec    .         Harm     .   (no cloak)
rCorr    .         Rampage  .   (no gloves)
Will     .....     NoTele   +   (no boots)
Stlth    ..........             (no amulet)
HPRegen  0.06/turn              (no ring)
MPRegen  0.07/turn              (no ring)

@: no status effects
A: horns 2, retaliatory headbutt
a: no special abilities


You were in the Dungeon.
You visited 1 branch

Inventory:

Hand Weapons
 a - a +0 long sword (weapon)
Armour
 b - a +0 scale mail (worn)
 c - a +0 kite shield (worn)
Scrolls
 j - a scroll of blinking
Potions
 d - a potion of might
 e - a potion of curing
 f - a potion of heal wounds
 g - a potion of haste
 h - 2 potions of magic
 i - a potion of berserk rage


   Skills:
 + Level 3.9 Fighting
 + Level 2.5 Long Blades
 + Level 3.9 Armour
 + Level 3.9 Shields


You couldn't memorise any spells.
You didn't know any spells.
Your spell library was empty.

Dungeon Overview and Level Annotations

Branches:
Dungeon (1/1)

Altars:

Annotations:
D Jessica


Innate Abilities, Weirdness & Mutations

You have a pair of horns on your head.
You reflexively headbutt those who attack you in melee.


Message History

A rat comes into view.
Found a mace.
A rat comes into view.
There is an open door here.
You hit the rat.
You kill the rat!
You block the rat's attack.
You closely miss the rat. The rat barely misses you. You furiously retaliate!
You headbutt the rat, but do no damage. You slash the rat!
You kill the rat!
You see here a rat corpse.
You see here a +0 mace.
You open the door.
Jessica the Apprentice Sorceress comes into view.
She is wielding a +0 club.
Found a potion of might.
There is an open door here.
You closely miss Jessica. Your headbutt misses Jessica.
Jessica hits you with a +0 club.
You closely miss Jessica. Jessica hits you but does no damage.
Jessica hits you with a +0 club.
You hit Jessica. You headbutt Jessica.
Jessica is severely wounded.
Jessica mumbles some strange words.
Jessica blinks!
You block Jessica's attack.
You hit Jessica but do no damage.
Jessica is heavily wounded.
Jessica hits you with a +0 club. Jessica hits you but does no damage.
You hit Jessica. You headbutt Jessica.
Jessica is almost dead.
Jessica gestures wildly while chanting.
Jessica blinks!
Jessica casts a spell at you. Pain shoots through your body!
* * * LOW HITPOINT WARNING * * *
Jessica casts a spell at you. Pain shoots through your body!
Ouch! That really hurt!
You die...

▓..#
▓#'####
▓..†..#
▓.....#
▓....)#
▓####'#
▓!....#
▓.@...#
▓...@.#
▓+#####


You could see Jessica.

Vanquished Creatures
  2 rats (D)
2 creatures vanquished.

Vanquished Creatures (others)
  A plant (D)
1 creature vanquished.

Grand Total: 3 creatures vanquished

Notes
Turn   | Place    | Note
-------+----------+-------------------------------------------
     0 | D        | boopmooplesden the Minotaur Fighter began the quest for the
                  | Orb.
     0 | D        | Reached XP level 1. HP: 19/19 MP: 0/0
    12 | D        | Noticed Jessica
    23 | D        | Killed from afar by Jessica

Illustrated notes

Levels and vault maps discovered:
D:        dungeon_sprint_mu [sprint_mu_entry_forest, sprint_mu_temple_rooms,
          sprint_mu_d1_spiders, sprint_mu_d2_genie, sprint_mu_d3_branching,
          sprint_mu_orc_legion, sprint_mu_elf_gauntlet, sprint_mu_hive_nellie,
          sprint_mu_lair_fedhas, sprint_mu_vaults_butterflies,
          sprint_mu_slime_circle, sprint_mu_swamp_cave, sprint_mu_snake_twists,
          sprint_mu_blade_basic, sprint_mu_crypt_lich, sprint_mu_tomb_spiral,
          sprint_mu_vestibule_basic, sprint_mu_gehenna_hellfire,
          sprint_mu_dis_giant, sprint_mu_tartarus_statrot,
          sprint_mu_cocytus_islands, sprint_mu_zot1]

Action                   || total
-------------------------++-------
Melee: Long sword        ||     8
       Headbutt          ||     2
Armor: Scale mail        ||     2
Dodge: Dodged            ||     1
Block: Kite shield       ||     2
